 Dungeon Crawl Stone Soup version 0.18.1-8-gdd0e5ea (webtiles) character file.

102 deorigin the Poker (level 4, -2/33 HPs)
             Began as a Merfolk Gladiator on June 1, 2016.
             Was an Initiate of Cheibriados.
             Slain by Grinder (6 damage)
             ... on level 3 of the Dungeon.
             The game lasted 00:03:59 (1323 turns).

deorigin the Poker (Merfolk Gladiator)              Turns: 1323, Time: 00:04:00

Health: -2/33      AC:  9    Str: 16    XL:     4   Next: 78%
Magic:  4/4        EV:  8    Int:  9    God:    Cheibriados [......]
Gold:   81         SH:  0    Dex: 15    Spells: 0 memorised, 3 levels left

rFire  . . .     SeeInvis .     a - +0 trident
rCold  . . .     Gourm    .     l - +0 chain mail
rNeg   . . .     Faith    .     (no shield)
rPois  .         Spirit   .     c - +0 helmet
rElec  .         Dismiss  .     (no cloak)
rCorr  .         Reflect  .     (no gloves)
SustAt .         Harm     .     (no boots)
MR     .....                    (no amulet)
Stlth  ..........               (no ring)
                                (no ring)

@: very slow, not resistant to hostile enchantments, extremely unstealthy
A: change form in water, swift swim
a: Bend Time, Renounce Religion


You were on level 3 of the Dungeon.
You worshipped Cheibriados.
Cheibriados was noncommittal.
You were hungry.

You visited 1 branch of the dungeon, and saw 3 of its levels.

You collected 81 gold pieces.

Inventory:

Hand Weapons
 a - a +0 trident (weapon)
Missiles
 d - 3 throwing nets (quivered)
 i - 4 tomahawks
Armour
 b - a +0 leather armour
 c - a +0 helmet (worn)
 l - a +0 chain mail (worn)
Jewellery
 g - an uncursed ring of protection from cold {unknown}
Scrolls
 e - 2 scrolls of identify {unknown}
 h - a scroll of random uselessness {unknown}
Comestibles
 f - a bread ration
 k - a beef jerky


   Skills:
 - Level 2.1 Fighting
 - Level 7.1 Polearms
 - Level 2.0 Throwing
 + Level 1.3 Armour
 - Level 4.0 Dodging


You had 3 spell levels left.
You didn't know any spells.

Dungeon Overview and Level Annotations

Branches:
Dungeon (3/15)

Altars:
Cheibriados
Fedhas
Pakellas

Annotations:
D:3 Grinder


Message History

You barely resist.
An orc comes into view. It is wielding a flail.
Your chain mail prevents you from hitting the orc.
The orc shouts!
The orc hits you but does no damage.
You hit Grinder.
Grinder is lightly wounded.
Grinder closely misses you. The orc closely misses you.
An orc comes into view. It is wielding a short sword.
You closely miss Grinder.
Grinder is lightly wounded.
Grinder hits you.
* * * LOW HITPOINT WARNING * * *
You writhe in agony.
* * * LOW HITPOINT WARNING * * *
The orc hits you but does no damage. x2
You hit Grinder but do no damage.
Grinder is lightly wounded.
Grinder hits you.
You die...

#........#.#
.....†##
#......#.#.#
...... #
########)#.#
..... #
#)#.##### .
..§§.
###.......+ ..
..#§
#........##!..
.#§§
#.........?...
#........####
#....5@..#
#%....oo.#
#.....o..#
#........#
#......o..
#...>.....#
######.o...
#......


You could see Grinder and 5 orcs.

Vanquished Creatures
  Jessica (D:2)
  Natasha (D:3)
  2 adders (D:2)
  A dart slug (D:3)
  An orc (D:3)
  A giant cockroach (D:1)
  3 goblins
  3 hobgoblins
  2 ball pythons
  3 bats
  2 giant newts
  4 kobolds
  12 rats
36 creatures vanquished.

Notes
Turn   | Place    | Note
--------------------------------------------------------------
     0 | D:1      | deorigin the Merfolk Gladiator began the quest for the Orb.
     0 | D:1      | Reached XP level 1. HP: 16/16 MP: 1/1
   389 | D:1      | Reached skill level 5 in Polearms
   450 | D:1      | Reached XP level 2. HP: 22/22 MP: 2/2
   746 | D:2      | Noticed Jessica
   752 | D:2      | Killed Jessica
   752 | D:2      | Reached skill level 6 in Polearms
   752 | D:2      | Reached XP level 3. HP: 23/27 MP: 3/3
   763 | D:2      | Found an oddly glowing altar of Pakellas.
   813 | D:2      | Found a snail-covered altar of Cheibriados.
   872 | D:2      | Became a worshipper of Cheibriados the Contemplative
   990 | D:2      | Found a blossoming altar of Fedhas.
  1047 | D:2      | Found a faded altar to an unknown god.
  1054 | D:2      | Reached skill level 7 in Polearms
  1054 | D:2      | Reached XP level 4. HP: 29/33 MP: 4/4
  1260 | D:3      | Noticed Natasha
  1271 | D:3      | Killed Natasha
  1271 | D:3      | Reached skill level 1 in Armour
  1312 | D:3      | Noticed Grinder
  1314 | D:3      | Paralysed by Grinder for 4 turns
  1323 | D:3      | Slain by Grinder

Skill      XL: |  1  2  3  4 |
---------------+-------------+-----
Polearms       | 5 6 7 |  7.1
Armour         | 1 |  1.3
Fighting       | |  2.1
Throwing       | |  2.0
Dodging        | |  4.0

Action                   |  1- 3 |  4- 6 || total
-------------------------+-------+-------++-------
Melee: Trident           |    53 |    41 ||    94
 Stab: Sleeping          |     1 |     1 ||     2
  Eat: Chunk             |     1 |       ||     1
Armor: Leather armour    |    12 |       ||    12
       Chain mail        |       |    19 ||    19
Dodge: Dodged            |    28 |    13 ||    41
